| TOP OF THE 1ST |
|
Texas Rangers batting - Pitching for Toronto Blue Jays : LHP Thomas Linnert
|
|
Pitching: LHP Thomas Linnert
|
|
|
Batting: SHB Ron Roenicke
|
0-0: Called Strike 0-1: Ball 1-1: Fly out, F6 (Popup, 6MD, EV 56.3 MPH)
|
|
Batting: RHB Juan Rodriguez
|
0-0: Foul Ball, location: 2F 0-1: Ball 1-1: Ball 2-1: Foul Ball, location: 2F 2-2: Ball 3-2: Foul Ball, location: 2F 3-2: Foul Ball, location: 2F 3-2: SINGLE (Flyball, 9LS, EV 94.4 MPH)
|
|
Batting: LHB Jody Helser
|
0-0: Ball Juan Rodriguez steals 2nd base 1-0: Fly out, F8 (Flyball, 89XD, EV 96.9 MPH) Runner from 2nd tags up, SAFE at 3rd, no throw by CF
|
|
Batting: RHB Steve Garvey
|
0-0: Ball 1-0: Foul Ball, location: 2F 1-1: Ball 2-1: Ground out 3-1 (Groundball, 34S, EV 68.1 MPH)
|
| Top of the 1st over - 0 runs, 1 hit, 0 errors, 1 left on base; Texas 0 - Toronto 0 |
| BOTTOM OF THE 1ST |
|
Toronto Blue Jays batting - Pitching for Texas Rangers : LHP Fernando Valenzuela
|
|
Pitching: LHP Fernando Valenzuela
|
|
|
Batting: SHB Harold Reynolds
|
0-0: Ball 1-0: Swinging Strike 1-1: Ball 2-1: Ball 3-1: Base on Balls
|
|
Batting: RHB Jose Gonzalez
|
0-0: Called Strike 0-1: Ball 1-1: Swinging Strike 1-2: Ball 2-2: Ball Harold Reynolds steals 2nd base 3-2: Fly out, F9 (Flyball, 9LM, EV 89.4 MPH)
|
|
Batting: RHB Andres Galarraga
|
0-0: Ball 1-0: Ball 2-0: SINGLE (Groundball, 4MD, EV 96.3 MPH) Harold Reynolds to third Runner from 3rd tries for Home, SAFE, throw by CF to home Andres Galarraga to second
|
|
Batting: RHB Hubie Brooks
|
0-0: Called Strike 0-1: Ball 1-1: Ground out 6-3 (Groundball, 6MD, EV 89.4 MPH) Andres Galarraga to third
|
|
Batting: RHB Cal Ripken
|
0-0: Ball 1-0: Ball 2-0: Ball 3-0: Base on Balls
|
|
Batting: RHB Fritzie Connally
|
0-0: Fly out, F9 (Flyball, 9, EV 92.5 MPH)
|
| Bottom of the 1st over - 1 run, 1 hit, 0 errors, 2 left on base; Texas 0 - Toronto 1 |
| TOP OF THE 2ND |
|
Texas Rangers batting - Pitching for Toronto Blue Jays : LHP Thomas Linnert
|
|
Batting: RHB Steve Balboni
|
0-0: Foul Ball, location: 2F 0-1: Foul Ball, location: 2F 0-2: Fly out, F8 (Flyball, 89D, EV 96.9 MPH)
|
|
Batting: RHB Rich Dauer
|
0-0: Ball 1-0: SINGLE (Flyball, 56D, EV 86.9 MPH)
|
|
Batting: RHB George A Bell
|
0-0: Ball 1-0: Called Strike 1-1: Fly out, F9 (Line Drive, 9, EV 102.5 MPH)
|
|
Batting: LHB Ernie Whitt
|
0-0: Ball 1-0: Called Strike 1-1: Ground out 5-3 (Groundball, 56S, EV 70.0 MPH)
|
| Top of the 2nd over - 0 runs, 1 hit, 0 errors, 1 left on base; Texas 0 - Toronto 1 |
| BOTTOM OF THE 2ND |
|
Toronto Blue Jays batting - Pitching for Texas Rangers : LHP Fernando Valenzuela
|
|
Batting: LHB Milt Thompson
|
0-0: Ball 1-0: Fly out, F7 (Line Drive, 7D, EV 105.0 MPH)
|
|
Batting: RHB Juan Monasterio
|
0-0: Ball 1-0: Foul Ball, location: 2F 1-1: SINGLE (Flyball, 8LS, EV 84.4 MPH) - OUT at second base trying to stretch hit.
|
|
Batting: LHB Manny Leal
|
0-0: Called Strike 0-1: Ball 1-1: Called Strike 1-2: Ball 2-2: Ball 3-2: Fly out, F7 (Flyball, 7S, EV 90.6 MPH)
|
| Bottom of the 2nd over - 0 runs, 1 hit, 0 errors, 0 left on base; Texas 0 - Toronto 1 |
| TOP OF THE 3RD |
|
Texas Rangers batting - Pitching for Toronto Blue Jays : LHP Thomas Linnert
|
|
Batting: RHB Juan Samuel
|
0-0: Ball 1-0: Called Strike 1-1: Called Strike 1-2: Fly out, F8 (Flyball, 8LS, EV 75.0 MPH)
|
|
Batting: SHB Ron Roenicke
|
0-0: Ball 1-0: Foul Ball, location: 2F 1-1: Ball 2-1: Ball 3-1: Bunted foul 3-2: Base on Balls
|
|
Batting: RHB Juan Rodriguez
|
0-0: Called Strike Ron Roenicke steals 2nd base 0-1: Ball Ron Roenicke steals 3rd base 1-1: Swinging Strike 1-2: Ball 2-2: Fly out, F8 (Flyball, 8RD, EV 100.6 MPH) Runner from 3rd tags up, SCORES, throw by CF
|
|
Batting: LHB Jody Helser
|
0-0: Swinging Strike 0-1: Fly out, F8 (Flyball, 8RD, EV 86.9 MPH)
|
| Top of the 3rd over - 1 run, 0 hits, 0 errors, 0 left on base; Texas 1 - Toronto 1 |
| BOTTOM OF THE 3RD |
|
Toronto Blue Jays batting - Pitching for Texas Rangers : LHP Fernando Valenzuela
|
|
Batting: SHB Harold Reynolds
|
0-0: Ball 1-0: Ball 2-0: Ball 3-0: Base on Balls
|
|
Batting: RHB Jose Gonzalez
|
0-0: Fly out, F6 (Popup, 6, EV 78.8 MPH)
|
|
Batting: RHB Andres Galarraga
|
Pickoff Throw to First - Error! E1 Harold Reynolds to second 0-0: Ball 1-0: Ball 2-0: Ball 3-0: Base on Balls
|
|
Batting: RHB Hubie Brooks
|
0-0: Ball Harold Reynolds steals 3rd base (no throw) 1-0: Called Strike 1-1: DOUBLE (Flyball, 78D, EV 91.9 MPH) Harold Reynolds scores Andres Galarraga to third Runner from 3rd tries for Home, SAFE, throw by LF to trailing runner, SAFE at third!
|
|
Batting: RHB Cal Ripken
|
0-0: Called Strike 0-1: Ball 1-1: Swinging Strike 1-2: Ball 2-2: Fly out, F7 (Flyball, 7, EV 89.4 MPH) Runner from 3rd tags up, SCORES, throw by LF
|
|
Batting: RHB Fritzie Connally
|
0-0: Ball 1-0: Fly out, F8 (Flyball, 8LM, EV 91.3 MPH)
|
| Bottom of the 3rd over - 3 runs, 1 hit, 1 error, 0 left on base; Texas 1 - Toronto 4 |
| TOP OF THE 4TH |
|
Texas Rangers batting - Pitching for Toronto Blue Jays : LHP Thomas Linnert
|
|
Batting: RHB Steve Garvey
|
0-0: Ball 1-0: Called Strike 1-1: Fly out, F6 (Flyball, 56D, EV 72.5 MPH)
|
|
Batting: RHB Steve Balboni
|
0-0: Called Strike 0-1: Ball 1-1: SINGLE (Flyball, 4D, EV 89.4 MPH)
|
|
Batting: RHB Rich Dauer
|
0-0: Foul Ball, location: 2F 0-1: Ball 1-1: Called Strike 1-2: Fly out, F8 (Flyball, 8LS, EV 88.8 MPH)
|
|
Batting: RHB George A Bell
|
0-0: Called Strike 0-1: Swinging Strike 0-2: Foul Ball, location: 2F 0-2: Strikes out looking
|
| Top of the 4th over - 0 runs, 1 hit, 0 errors, 1 left on base; Texas 1 - Toronto 4 |
| BOTTOM OF THE 4TH |
|
Toronto Blue Jays batting - Pitching for Texas Rangers : LHP Fernando Valenzuela
|
|
Batting: LHB Milt Thompson
|
0-0: Ball 1-0: Fly out, F6 (Flyball, 56D, EV 86.9 MPH)
|
|
Batting: RHB Juan Monasterio
|
0-0: Ball 1-0: Fly out, F9 (Flyball, 89D, EV 99.4 MPH)
|
|
Batting: LHB Manny Leal
|
0-0: Swinging Strike 0-1: Called Strike 0-2: Fly out, F8 (Line Drive, 8LD, EV 88.8 MPH)
|
| Bottom of the 4th over - 0 runs, 0 hits, 0 errors, 0 left on base; Texas 1 - Toronto 4 |
| TOP OF THE 5TH |
|
Texas Rangers batting - Pitching for Toronto Blue Jays : LHP Thomas Linnert
|
|
Batting: LHB Ernie Whitt
|
0-0: Fly out, F8 (Flyball, 89D, EV 96.3 MPH)
|
|
Batting: RHB Juan Samuel
|
0-0: Ball 1-0: SINGLE (Line Drive, 4D, EV 98.8 MPH)
|
|
Batting: SHB Ron Roenicke
|
0-0: Ball Juan Samuel steals 2nd base 1-0: Foul Ball, location: 2F 1-1: DOUBLE (Flyball, 8RXD, EV 92.5 MPH) Juan Samuel scores
|
|
Batting: RHB Juan Rodriguez
|
0-0: Ball 1-0: Ball 2-0: Called Strike 2-1: Ball 3-1: Called Strike 3-2: Base on Balls
|
|
Batting: LHB Jody Helser
|
0-0: Called Strike 0-1: Called Strike 0-2: Ball 1-2: Strikes out swinging
|
|
Batting: RHB Steve Garvey
|
0-0: SINGLE (Groundball, 4MD, EV 103.1 MPH) Ron Roenicke to third Juan Rodriguez to second Runner from 3rd tries for Home, SAFE, throw by CF to home
|
|
Batting: RHB Steve Balboni
|
0-0: Fly out, F9 (Flyball, 9, EV 93.1 MPH)
|
| Top of the 5th over - 2 runs, 3 hits, 0 errors, 2 left on base; Texas 3 - Toronto 4 |
| BOTTOM OF THE 5TH |
|
Toronto Blue Jays batting - Pitching for Texas Rangers : LHP Fernando Valenzuela
|
|
Batting: SHB Harold Reynolds
|
0-0: Ball 1-0: Fly out, F9 (Flyball, 9LS, EV 87.5 MPH)
|
|
Batting: RHB Jose Gonzalez
|
0-0: Ground out 4-3 (Groundball, 4, EV 88.1 MPH)
|
|
Batting: RHB Andres Galarraga
|
0-0: Swinging Strike 0-1: Foul Ball, location: 2F 0-2: Ball 1-2: Strikes out swinging
|
| Bottom of the 5th over - 0 runs, 0 hits, 0 errors, 0 left on base; Texas 3 - Toronto 4 |
| TOP OF THE 6TH |
|
Texas Rangers batting - Pitching for Toronto Blue Jays : LHP Thomas Linnert
|
|
Batting: RHB Rich Dauer
|
0-0: Called Strike 0-1: Ball 1-1: Ball 2-1: Fly out, F8 (Line Drive, 8LM, EV 99.4 MPH)
|
|
Batting: RHB George A Bell
|
0-0: Ball 1-0: Ball 2-0: Called Strike 2-1: Ground out 5-3 (Groundball, 56S, EV 80.6 MPH)
|
|
Batting: LHB Ernie Whitt
|
0-0: Ball 1-0: Ball 2-0: Ball 3-0: Called Strike 3-1: Foul Ball, location: 2F 3-2: Foul Ball, location: 2F 3-2: Fly out, F6 (Popup, 4S, EV 73.1 MPH)
|
| Top of the 6th over - 0 runs, 0 hits, 0 errors, 0 left on base; Texas 3 - Toronto 4 |
| BOTTOM OF THE 6TH |
|
Toronto Blue Jays batting - Pitching for Texas Rangers : LHP Fernando Valenzuela
|
|
Batting: RHB Hubie Brooks
|
0-0: Ball 1-0: Reached on error, E1 (Groundball, P, EV 68.1 MPH)
|
|
Batting: RHB Cal Ripken
|
0-0: Ball 1-0: Ball 2-0: Called Strike 2-1: Foul Ball, location: 2F 2-2: Foul Ball, location: 2F 2-2: SINGLE (Line Drive, 3L, EV 96.9 MPH) Hubie Brooks to second
|
|
Batting: RHB Fritzie Connally
|
0-0: Ball 1-0: Foul Ball, location: 2F 1-1: Ball 2-1: Fly out, F3 (Flyball, 3D, EV 88.8 MPH)
|
|
Batting: LHB Milt Thompson
|
0-0: Called Strike 0-1: Ball 1-1: Ball 2-1: Called Strike 2-2: Strikes out looking
|
|
Batting: RHB Juan Monasterio
|
0-0: Reached on error, E2 (Groundball, 2R, EV 65.6 MPH) Hubie Brooks scores Cal Ripken to third
|
|
Batting: LHB Manny Leal
|
0-0: Swinging Strike 0-1: Fly out, F8 (Line Drive, 8RD, EV 91.3 MPH)
|
| Bottom of the 6th over - 1 run, 1 hit, 2 errors, 2 left on base; Texas 3 - Toronto 5 |
| TOP OF THE 7TH |
|
Texas Rangers batting - Pitching for Toronto Blue Jays : LHP Thomas Linnert
|
|
Batting: RHB Juan Samuel
|
0-0: Ball 1-0: Ball 2-0: Swinging Strike 2-1: Ball 3-1: Ground out 6-3 (Groundball, 6, EV 84.4 MPH)
|
|
Batting: SHB Ron Roenicke
|
0-0: Swinging Strike 0-1: Ground out 6-3 (Groundball, 6, EV 85.0 MPH)
|
|
Batting: RHB Juan Rodriguez
|
0-0: Ball 1-0: Ball 2-0: Ground out 5-3 (Groundball, 15, EV 83.1 MPH)
|
| Top of the 7th over - 0 runs, 0 hits, 0 errors, 0 left on base; Texas 3 - Toronto 5 |
| BOTTOM OF THE 7TH |
|
Toronto Blue Jays batting - Pitching for Texas Rangers : LHP Fernando Valenzuela
|
|
Batting: SHB Harold Reynolds
|
0-0: Fly out, F7 (Flyball, 7LM, EV 95.0 MPH)
|
|
Batting: RHB Jose Gonzalez
|
0-0: Ground out 3-1 (Groundball, 34, EV 93.1 MPH)
|
|
Batting: RHB Andres Galarraga
|
0-0: Ball 1-0: Fly out, F9 (Flyball, 89S, EV 91.9 MPH)
|
| Bottom of the 7th over - 0 runs, 0 hits, 0 errors, 0 left on base; Texas 3 - Toronto 5 |
| TOP OF THE 8TH |
|
Texas Rangers batting - Pitching for Toronto Blue Jays : LHP Thomas Linnert
|
|
Batting: LHB Jody Helser
|
0-0: Ball 1-0: Fly out, F9 (Line Drive, 9, EV 102.5 MPH)
|
|
Batting: RHB Steve Garvey
|
0-0: Fly out, F9 (Flyball, 9, EV 91.3 MPH)
|
|
Batting: RHB Steve Balboni
|
0-0: Swinging Strike 0-1: Ball 1-1: Ball 2-1: Ball 3-1: Ground out 5-3 (Groundball, 56, EV 83.8 MPH)
|
| Top of the 8th over - 0 runs, 0 hits, 0 errors, 0 left on base; Texas 3 - Toronto 5 |
| BOTTOM OF THE 8TH |
|
Toronto Blue Jays batting - Pitching for Texas Rangers : LHP Fernando Valenzuela
|
|
Batting: RHB Hubie Brooks
|
0-0: Ball 1-0: Ball 2-0: Fly out, F7 (Flyball, 7LM, EV 85.6 MPH)
|
|
Batting: RHB Cal Ripken
|
0-0: Ball 1-0: Called Strike 1-1: Ball 2-1: Called Strike 2-2: Foul Ball, location: 2F 2-2: Foul Ball, location: 2F 2-2: SINGLE (Line Drive, 9LS, EV 100.6 MPH)
|
|
Pitching: RHP Ben Hayes
|
|
|
Batting: RHB Fritzie Connally
|
0-0: Ball 1-0: Called Strike 1-1: Called Strike 1-2: Fly out, F7 (Flyball, 78M, EV 89.4 MPH)
|
|
Batting: LHB Milt Thompson
|
0-0: Ball 1-0: SINGLE (Line Drive, 4D, EV 106.3 MPH) Cal Ripken to second Runner from 2nd tries for 3rd, SAFE, no throw by CF
|
|
Batting: RHB Juan Monasterio
|
0-0: SINGLE (Groundball, 5S, EV 75.0 MPH) (infield hit) Cal Ripken scores Milt Thompson to second
|
|
Batting: LHB Manny Leal
|
0-0: Called Strike Juan Monasterio steals 2nd base Milt Thompson steals 3rd base 0-1: Ball 1-1: Ball 2-1: SINGLE (Groundball, 3D, EV 107.5 MPH) Milt Thompson scores Juan Monasterio to third Runner from 3rd tries for Home, SAFE, throw by RF to home
|
|
Batting: SHB Harold Reynolds
|
0-0: Ball 1-0: Swinging Strike 1-1: Ball 2-1: Ball 3-1: Fly out, F5 (Flyball, 5D, EV 86.9 MPH)
|
| Bottom of the 8th over - 3 runs, 4 hits, 0 errors, 1 left on base; Texas 3 - Toronto 8 |
| TOP OF THE 9TH |
|
Texas Rangers batting - Pitching for Toronto Blue Jays : LHP Thomas Linnert
|
|
Batting: RHB Rich Dauer
|
0-0: Called Strike 0-1: Foul Ball, location: 2F 0-2: Fly out, F7 (Flyball, 78D, EV 97.5 MPH)
|
|
Batting: RHB George A Bell
|
0-0: Swinging Strike 0-1: Ball 1-1: Swinging Strike 1-2: Strikes out swinging
|
|
Batting: LHB Ernie Whitt
|
0-0: Called Strike 0-1: Ball 1-1: Ball 2-1: SINGLE (Line Drive, 7S, EV 95.0 MPH)
|
|
Batting: RHB Juan Samuel
|
0-0: Ball 1-0: Foul Ball, location: 2F 1-1: Foul Ball, location: 2F 1-2: Ball 2-2: Strikes out swinging
|
| Top of the 9th over - 0 runs, 1 hit, 0 errors, 1 left on base; Texas 3 - Toronto 8 |
|